Cogmind - Beta 13 @@@ ROGUE MODE // 2024.04.21 @ 19:17:38 Player: Bace Troncons Result: Destroyed by as-59884 with Assembled Blade Performance ------------- Evolutions (0) 0 Regions Visited (2) 400 Robots Destroyed (19) 95 Value Destroyed (503) 503 Prototype IDs (5) 100 Alien Tech Used (0) 0 Bonus (0) 0 TOTAL SCORE: 1098 Bonus ------- None Cogmind --------- Core Integrity 0/250 Matter 229/300 Energy 100/100 System Corruption 3% Temperature Cool (0) Movement Core (400) Ox7 Location -10/Mines Parts ------- > --- POWER (1) -------- (None) > --- PROPULSION (2) --- (None) > --- UTILITY (2) ------ Large Storage Unit > --- WEAPON (2) ------- Maul > --- INVENTORY (15) --- Light Ion Engine Medium Matter Pod (100) Signal Interpreter ECM Suite Hacking Suite High-powered Shotgun Improved Light Cannon Improved Light Cannon Grenade Launcher Datajack Maul Peak State ------------ > --- POWER ------------ Light Angular Momentum Engine > --- PROPULSION ------- Light Treads Light Treads > --- UTILITY ---------- Large Storage Unit Trap Scanner > --- WEAPON ----------- Improved Light Cannon Improved Light Cannon > --- INVENTORY -------- Light Ion Engine Light Treads Medium Matter Pod Signal Interpreter ECM Suite Hacking Suite High-powered Shotgun Improved Light Cannon Improved Light Cannon Grenade Launcher Grenade Launcher Datajack Maul Maul [Rating: 17] Favorites ----------- Power Ion Engine Engine Ion Engine Propulsion Light Treads Treads Light Treads Utility Large Storage Unit Device Trap Scanner Storage Large Storage Unit Processor Visual Processing Unit Weapon Improved Light Cannon Ballistic Gun Light Assault Rifle Ballistic Cannon Improved Light Cannon Launcher Grenade Launcher Impact Weapon Maul Build | -11 -10 -10 ------- Run | Yrd Mat Min Slots Evolved . | . . . Power . | . . . Propulsion . | . . . Utility . | . . . Weapon . | . . . Parts Attached 24 | 5 11 8 Power 3 | 1 1 1 Engine 3 | 1 1 1 Core . | . . . Reactor . | . . . Propulsion 3 | 2 . 1 Treads 3 | 2 . 1 Leg . | . . . Wheel . | . . . Hover . | . . . Flight . | . . . Utility 6 | 1 4 1 Device 1 | . . 1 Storage 4 | 1 3 . Processor 1 | . 1 . Hackware . | . . . Protection . | . . . Artifact . | . . . Weapon 12 | 1 6 5 Energy Gun . | . . . Energy Cannon . | . . . Ballistic Gun 2 | 1 1 . Ballistic Cannon 7 | . 4 3 Launcher 1 | . . 1 Special Weapon . | . . . Impact Weapon 2 | . 1 1 Slashing Weapon . | . . . Piercing Weapon . | . . . Special Melee Weapon . | . . . Unidentified Prototypes . | . . . Parts Lost 8 | . . 8 Power 1 | . . 1 Propulsion 3 | . . 3 Utility 1 | . . 1 Weapon 3 | . . 3 Highest Loss Streak 7 | . . 7 To Critical Strikes 1 | . . 1 Average Slot Usage (%) 97 | . 98 94 Engine 13 | . 14 13 Treads 26 | . 28 24 Device 1 | . . 5 Storage 15 | . 16 14 Processor 10 | . 11 7 Ballistic Gun 1 | . 2 . Ballistic Cannon 23 | . 23 25 Impact Weapon 1 | . 1 1 Naked Turns . | . . . Heaviest Build 39 | 9 33 39 Greatest Support 40 | 40 40 40 Greatest Overweight (x) 12 | 2 . 12 Average Overweight (x) . | . . . Largest Inventory Capacity 15 | 8 15 15 Average Capacity 14 | 7 14 15 Most Carried 15 | 4 14 15 Average Carried 9 | 2 9 13 Final Capacity 15 | 8 15 15 Final Carried 14 | 4 14 11 Class Distribution -------------------- 100% | Mutant Dominant Class ---------------- Mutant | -10/Materials Mutant | -10/Mines Resources | -11 -10 -10 ----------- Run | Yrd Mat Min Matter Collected 1027 | 250 418 359 Remotely . | . . . Salvage Created 570 | . 373 197 Parts 30 | . 25 5 Haulers Intercepted 2 | . 2 . Recyclers Shooed . | . . . Parts Field Recycled . | . . . Retrieved Matter . | . . . Parts Self-Destructed . | . . . Prevented . | . . . Kills | -11 -10 -10 ------- Run | Yrd Mat Min Combat Hostiles Destroyed 22 | . 7 15 Cannons 19 | . 7 12 AOE 3 | . . 3 Classes Destroyed 7 | . 5 2 Worker 1 | . . 1 Builder 1 | . 1 . Hauler 2 | . 2 . Recycler 1 | . 1 . Watcher 3 | . 3 . Grunt 11 | . 7 4 Assembled 11 | . . 11 Best Kill Streak 8 | . 7 8 Combat Bots Only 7 | . 3 7 Max Kills in Single Turn 2 | . 2 2 Gunslinging . | . . . Exploded 2 | . . 2 Melee . | . . . Uniques/NPCs Destroyed . | . . . Combat | -11 -10 -10 -------- Run | Yrd Mat Min Hostile Shots Fired 104 | . 29 75 Missed 23 | . 4 19 Damage Taken 1502 | . 359 1143 Core 264 | . 51 213 Absorbed by Shields . | . . . Core Remaining (%) 100 | 100 . . Volleys Fired 72 | . 34 38 Largest 2 | . 2 2 Hottest 78 | . 78 78 Shots Fired 139 | . 68 71 Gun 4 | . 4 . Cannon 127 | . 64 63 Launcher 8 | . . 8 Special . | . . . Kinetic 131 | . 68 63 Thermal . | . . . Explosive 8 | . . 8 Electromagnetic . | . . . Robot Hit Streak 5 | . 5 5 Robot Miss Streak 6 | . 5 6 Penetration Max . | . . . Secondary Targets . | . . . Shots Hit Robots 62 | . 36 26 Core Hits 41 | . 17 24 Critical Kills . | . . . Critical Parts Destroyed . | . . . Critical Strikes 3 | . 2 1 Blast 3 | . 2 1 Melee Attacks 5 | . 3 2 Impact 5 | . 3 2 Slashing . | . . . Piercing . | . . . Sneak Attacks . | . . . Combat Hostiles . | . . . Follow-up Attacks . | . . . Damage Inflicted 1830 | 2 775 1053 Guns 13 | . 13 . Cannons 1267 | . 762 505 Explosions 488 | . . 488 Melee 60 | . . 60 Ramming 2 | 2 . . Kinetic 1280 | . 775 505 Thermal . | . . . Explosive 488 | . . 488 Electromagnetic . | . . . Impact 60 | . . 60 Slashing . | . . . Piercing . | . . . Highest Corruption 3 | . . 3 Average Corruption 3 | . . 3 Corruption Purged . | . . . Corruption Blocked . | . . . Effects 1 | . . 1 Matter Fused 1 | . . 1 Overload Shots . | . . . Overflow Damage 50 | . 30 20 Projectiles 33 | . 30 3 Explosions 17 | . . 17 Melee . | . . . Knockbacks 17 | . 9 8 Impact 1 | . . 1 Kinetic 15 | . 8 7 Secondary 1 | . 1 . Self-Inflicted Damage 32 | . . 32 Shots 2 | . . 2 Rammed 1 | 1 . . Targets Rammed 1 | 1 . . Kicked . | . . . Crushed . | . . . Highest Temperature 140 | . 131 140 Average Temperature 54 | . 56 51 Received Heat Transfer 409 | . 204 205 Siege Activations . | . . . Robots Corrupted . | . . . Combat Hostiles . | . . . Parts Fried . | . . . Impact Corruptions . | . . . Robots Melted . | . . . Combat Hostiles . | . . . Parts Melted . | . . . Heat Transferred . | . . . Parts Sabotaged . | . . . Parts Stolen . | . . . Parts Stripped . | . . . Power Chain Reactions . | . . . Alert | -11 -10 -10 ------- Run | Yrd Mat Min Peak Influence 189 | . 189 117 Initial . | . . . Average 38 | . 36 48 Maximum Alert Level . | . . . Low Security (%) 100 | 100 100 100 Level 1 . | . . . Level 2 . | . . . Level 3 . | . . . Level 4 . | . . . Level 5 . | . . . High Security . | . . . Max Security . | . . . Squads Dispatched 1 | . . 1 Investigation 1 | . . 1 Extermination . | . . . Reinforcement . | . . . Assault . | . . . Garrison . | . . . Intercept . | . . . Searches Triggered . | . . . Construction Impeded . | . . . Haulers Reinforced . | . . . Active Scanning Responses . | . . . Cargo Convoy Interrupts . | . . . Stealth | -11 -10 -10 --------- Run | Yrd Mat Min Distress Signals 2 | . 2 . Communications Jammed . | . . . Distress Signals . | . . . Times Spotted 31 | . 12 19 Peak Tracking Total 5 | . 5 5 Tactical Retreats 1 | . . 1 Traps | -11 -10 -10 ------- Run | Yrd Mat Min Traps Triggered . | . . . Indirectly . | . . . Trap Hack Attempts . | . . . Triggered . | . . . Disarmed . | . . . Reprogrammed 6 | . 6 . Reused . | . . . Traps Extracted . | . . . Installed . | . . . Triggered . | . . . Machines | -11 -10 -10 ---------- Run | Yrd Mat Min Machines Disabled . | . . . Max in Single Turn . | . . . Machines Repaired . | . . . Machines Dismantled . | . . . Machines Sabotaged . | . . . Overloaded Fab Kills . | . . . Hacking | -11 -10 -10 --------- Run | Yrd Mat Min Machines Accessed 10 | . 9 1 Terminals 7 | . 7 . Fabricators . | . . . Repair Stations 1 | . 1 . Recycling Units 1 | . 1 . Scanalyzers . | . . . Garrison Access . | . . . Total Hacks 30 | . 29 1 Successful 10 | . 9 1 Failed 20 | . 20 . Catastrophic 1 | . 1 . Database Lockouts . | . . . Manual 13 | . 13 . Terminals 24 | . 24 . Fabricators . | . . . Repair Stations 2 | . 2 . Recycling Units 3 | . 3 . Scanalyzers . | . . . Garrison Access . | . . . Terminal Hacks 9 | . 8 1 Prototype ID Bank 3 | . 3 . Open Door 1 | . . 1 Branch Access Points 1 | . 1 . Terminal Index 1 | . 1 . Locate Traps 1 | . 1 . Reprogram Traps 1 | . 1 . Registered Components 1 | . 1 . Fabricator Hacks . | . . . Repair Station Hacks . | . . . Recycling Unit Hacks 1 | . 1 . Retrieve Components 1 | . 1 . Scanalyzer . | . . . Garrison Access Hacks . | . . . Unauthorized Hacks . | . . . Terminals . | . . . Fabricators . | . . . Repair Stations . | . . . Recycling Units . | . . . Scanalyzers . | . . . Garrison Access . | . . . Data Cores Recovered . | . . . Used . | . . . Hacking Detections 7 | . 7 . Full Trace Events . | . . . Feedback Events . | . . . Feedback Blocked . | . . . Robot Schematics Acquired . | . . . Robots Built . | . . . Authchips . | . . . Time . | . . . Total Robot Build Rating . | . . . Part Schematics Acquired . | . . . Parts Built . | . . . Authchips . | . . . Time . | . . . Total Part Build Rating . | . . . Parts Repaired . | . . . Time . | . . . Parts Recycled . | . . . Recycled Matter . | . . . Retrieved Matter . | . . . Retrieved Components 1 | . 1 . Parts Scanalyzed . | . . . Part Schematics Acquired . | . . . Parts Damaged . | . . . Bothacking | -11 -10 -10 ------------ Run | Yrd Mat Min Used RIF Installer . | . . . Robots Hacked . | . . . Non-combat . | . . . Combat . | . . . Robot Hacks Applied . | . . . Relay Couplers Released . | . . . Fabnet Peak Effective % . | . . . Robots Rewired . | . . . Allies Hacked . | . . . Hacks Repelled . | . . . Allies | -11 -10 -10 -------- Run | Yrd Mat Min Total Allies . | . . . Largest Group . | . . . Highest-Rated Group . | . . . Highest-Rated Ally . | . . . Total Orders . | . . . Ally Attacks . | . . . Total Damage . | . . . Kills . | . . . Allies Corrupted . | . . . Allies Melted . | . . . Intel | -11 -10 -10 ------- Run | Yrd Mat Min Robot Analysis Total . | . . . Derelict Logs Recovered . | . . . Drone Launches . | . . . Drone Recoveries . | . . . Exploration | -11 -10 -10 ------------- Run | Yrd Mat Min Turns Passed 1998 | 101 1349 548 Spaces Moved 1013 | 55 728 230 Core 15 | 8 . 7 Treads 998 | 47 728 223 Legs . | . . . Wheels . | . . . Hover . | . . . Flight . | . . . Fastest Speed 50 | 50 160 160 Average Speed 162 | 152 160 171 Slowest Speed 650 | 160 160 650 Overloaded Moves . | . . . Propulsion Burnouts . | . . . Robots Hopped . | . . . Cave-ins Triggered . | . . . Exploration Rate (%) 46 | 6 91 43 Regions Visited 2 Branch Regions 1 Pre-discovered Areas . | . . . Known Exits Taken 1 | . 1 . Unknown Exits Taken 1 | 1 . . Scrap Searched . | . . . Spaces Dug 3 | . 3 . Terrain Destroyed 53 | . 5 48 Melee 3 | . 3 . Projectile 10 | . 2 8 AOE 40 | . . 40 Terrain Rammed . | . . . Walls Destroyed . | . . . Machines Disabled . | . . . Actions | -11 -10 -10 --------- Run | Yrd Mat Min Total 1216 | 69 841 306 Wait 68 | 5 41 22 Move 1012 | 55 727 230 Hop . | . . . Pick Up 22 | 4 15 3 Fast Attach 6 | 5 1 . Attach 8 | . 5 3 Detach 4 | . 4 . Swap 10 | . 5 5 Drop 9 | . 6 3 Fire 72 | . 34 38 Melee 5 | . 3 2 Ram . | . . . Kick . | . . . Crush . | . . . Escape Stasis . | . . . Rewire . | . . . Trap . | . . . Miscellaneous . | . . . Route ------- -11/Scrapyard -10/Materials (discovered 5 exits: [*Mat x3] / *Min x2) -10/Mines (discovered 1 exit: [*Mat]) History --------- Turn | Location | Event 30 | -11/Scrapyard | Discovered new exit (range 15) 102 | -11/Scrapyard | Entered Materials 302 | -10/Materials | Build established: Mutant 697 | -10/Materials | Identified exit to Mines 882 | -10/Materials | Discovered new exit (range 17) 1156 | -10/Materials | Discovered new exit (range 18) 1384 | -10/Materials | Discovered new exit (range 5) 1451 | -10/Materials | Entered Mines 1459 | -10/Mines | Met a Derelict bent on vengeance 1495 | -10/Mines | Discovered new exit (range 5) 1714 | -10/Mines | Met a Derelict shopkeep closing up shop 1724 | -10/Mines | Assembled infested the area 1729 | -10/Mines | Assisted by a Guerilla fighting off Assembled 1960 | -10/Mines | Destroyed 7 combat bots 1963 | -10/Mines | Core integrity fell below 50% 1979 | -10/Mines | Core integrity fell below 20% 1999 | -10/Mines | Destroyed by as-59884 with Assembled Blade Last Messages --------------- 01953_ Trap Scanner destroyed. 01953_ System corrupted by crushing effect (+3). 01953_ Knocked back. 01961_ The unstable cave ceiling collapses. 01962_ Knocked back. 01969_ as-93813 knocked back. 01970_ The unstable cave ceiling collapses. 01971_ U-05 Engineer builds a Wall. 01972_ Knocked back. 01975_ U-05 Engineer builds a Wall. 01978_ System corrupted: Matter fused (-5). 01978_ Knocked back. 01978_ as-99145 destroyed. 01980_ Lgt. Angular Momentum Engine destroyed. 01980_ Destroyed Lgt. Angular Momentum Engine. 01981_ U-05 Engineer builds a Wall. 01982_ Knocked back. 01986_ Acquired 37 matter. 01990_ Grenade Launcher destroyed. 01991_ Acquired 20 matter. Map ----- +----------------------------------------------------+ | # #?# ## ##? | | ?? ## ! ! ##### ## #? | | ?? ### ## ! !! #???###### #? | | ??#???# !!!! #????????# #? | | ????## #% # !! #????????## #? | | ????# # #?????????## ##? | | ????# # ## #??????????## ##?? | | ????# # ########????????# #??? | | ????# # # ##### ##???????# #??? | | ????# # #???????# #??? | | ????## ######" ##???#### #??? | | ?????## # ##???## #???# #??? | | ??????##########?### ##??# ####??? | | ????????????#"!### #??# #?????? | | ????????????#"! #X #??# #?????? | | ????????????#"= #??# #?????? | | ????????????#" ##??# #?????? | | ????????????#"==!# ##???# #?????? | | ????????????#"=### *! ###### #?????? | | ????????????##### =%["## #?????? | | ????????????????## =#### #####?????? | | ?????????????????## #?????????? | | ??????????????????# ######?????????? | | ??????????????????# ######?????????? | | ??????????????????# !=!#?????????? | | ??????????????????#######@##????????? | | ???????????????????????##a##????????? | | ???????????????????????##a#%#???????? | | ???????????????# ??????##a###???????? | | ???????????????# ###| #????????? | | ??????????????## = #??????? | | ??????????????# =% #??????? | | ?????????????# * %= #??????? | | ??????????# = #?????? | | ?????????# *= # #?????? | | ???????? =%[% ####?????? | | ???????? !! #????????? | | ????????? #????????? | | ????????? ????????? | | ?????????## ####### #????????? | | ??????????## #??????#####????????? | | ???????????# *?????????????????????? | | ??????????? ??????????????????????? | | ??????????? ???????????????????????? | | ??????????? ????????????????????????? | | ????????????????????????????????????? | | ????????????????????????????????????? | | ????????????????????????????????????? | | ????????????????????????????????????? | | ????????????????????????????????????? | +----------------------------------------------------+ Best States ------------- Heat Dissipation 25 Energy Generation 18 Energy Capacity 250 Matter Stores 300 Matter Capacity 400 Sight Range 18 Terrain Scan Density 10 Evasion (%) 40 Recoil Reduction 2 Item Schematics ----------------- None Robot Schematics ------------------ None Fabricated ------------ Nothing Alien Tech Used ----------------- None Achievements -------------- None Challenges ------------ None Game ------ Seed KineticIntegratedStorage Manual? 0 Play Time 00:21:00 Cumulative 36.5 hours Start 2024.04.21 @ 18:59:26 End 2024.04.21 @ 19:17:38 Sessions 1 Manual Loads 0 Difficulty Rogue Special Mode None Game No. 58 Rogue 58 Adventurer 0 Explorer 0 Win Type - Total 0 Types 0/0/0/0/0/0/0/0/0 Lore% 22 Gallery% 29 Achievement% 24 Wizard Run 0 Options --------- Layout 1 ASCII 0 Keyboard 1 Movement Numpad Keybinds 0 Fullscreen 1 Font 24/Smallcaps Map View 50x35 Zoom Use 0% Tactical HUD 1 Map Filters NONE Filters NONE Steam 1 RUN: 794e3433-fccf-4c96-90a4-e1e370645b59